 Dungeon Crawl Stone Soup version 0.18-a0-1655-ge2d8d33 (webtiles) character file.

821 Horrz the Ruffian (level 7, -2/72 HPs)
             Began as a Troll Monk on Mar 31, 2016.
             Slain by Grinder (5 damage)
             ... while paralysed by Grinder
             ... on level 6 of the Dungeon.
             The game lasted 00:19:23 (3050 turns).

Horrz the Ruffian (Troll Monk)                      Turns: 3050, Time: 00:19:23

Health: -2/72      AC:  7    Str: 20    XL:     7   Next: 63%
Magic:  6/6        EV:  1    Int:  6    God:
Gold:   118        SH:  0    Dex: 14    Spells: 0 memorised, 6 levels left

rFire  . . .     SeeInvis .       - Unarmed
rCold  . . .     Gourm    +     a - +1 robe
rNeg   . . .     Faith    .     p - +0 shield
rPois  .         Spirit   .     (helmet restricted)
rElec  .         Dismiss  .     l - +0 cloak
rCorr  .         Reflect  .     (gloves unavailable)
SustAt .         Harm     .     (boots unavailable)
MR     .....                    (no amulet)
Stlth  ++........               (no ring)
                                (no ring)

@: paralysed, not resistant to hostile enchantments, unstealthy
A: unfitting armour, claws 3, fast metabolism 3, gourmand, regeneration 2,
shaggy fur 1, tough skin 2
a: no special abilities


You were on level 6 of the Dungeon.
You were full.

You visited 1 branch of the dungeon, and saw 6 of its levels.

You collected 118 gold pieces.

Inventory:

Armour
 a - a +1 robe (worn)
 l - a +0 cloak (worn)
 p - a +0 shield (worn)
Wands
 m - a wand of acid (6/15)
 w - a wand of digging (1/24)
Scrolls
 c - 3 scrolls of enchant armour
 e - 2 scrolls of teleportation {unknown}
 i - a scroll of immolation {unknown}
 j - a scroll of magic mapping
 n - 5 scrolls of identify {unknown}
 q - a scroll of amnesia {unknown}
 r - 2 scrolls of noise {unknown}
 s - 4 scrolls of remove curse
 u - a scroll of fear {unknown}
 v - a scroll of blinking {unknown}
Potions
 d - 4 potions of curing {unknown}
 h - a potion of lignification {unknown}
 k - a potion of cure mutation {unknown}
 o - 2 potions of haste {unknown}
 t - a potion of degeneration {unknown}
 x - 2 potions of cancellation {unknown}
 B - a potion of berserk rage {unknown}
 C - a potion of resistance {unknown}
Comestibles
 b - 3 bread rations
 f - 2 beef jerkies
 g - a meat ration
 A - a royal jelly


   Skills:
 * Level 5.3 Fighting
 - Level 2.4 Dodging
 - Level 1.1 Stealth
 + Level 2.3 Shields
 * Level 6.9 Unarmed Combat


You had 6 spell levels left.
You didn't know any spells.

Dungeon Overview and Level Annotations

Branches:
Dungeon (6/15)
 Temple: D:4-7

Altars:
Nemelex Xobeh
Sif Muna
Yredelemnul

Annotations:
D:6 Grinder


Innate Abilities, Weirdness & Mutations

You are too large for most types of armour.
You have claws for hands.
Your metabolism is lightning-fast.
You like to eat raw meat.
You heal very quickly.
You are covered in fur (AC +1).
You have very tough skin (AC +2).


Message History

You struggle to resist.
You claw Grinder!
Grinder is severely wounded.
You block the orc warrior's attack. Grinder hits you.
You writhe in agony.
You block the jelly's attack.
You closely miss Grinder.
Grinder is severely wounded.
You block the orc warrior's attack.
You scratch Grinder but do no damage.
Grinder is severely wounded.
Grinder gestures at you.
You suddenly lose the ability to move!
The jelly hits you but does no damage.
The orc warrior hits you from afar with a trident.
Grinder hits you.
You writhe in agony.
* * * LOW HITPOINT WARNING * * *
The jelly hits you but does no damage.
The orc warrior hits you from afar with a trident!
* * * LOW HITPOINT WARNING * * *
Grinder hits you.
You die...

#.###o# #...
#.# #†# ##.#
#.# #.# .#
#.###.####.#
#..........#
########o###
#o#######
#.J......
#@#######
#5# #.# #.#
... #.# ..#
#..


You could see Grinder, an orc warrior, a jelly and an orc priest.

Vanquished Creatures
  The ghost of Mandevil the Fighter, an amateur FoAM (D:4)
  A sky beast (D:5)
  An ogre (D:5)
  A howler monkey (D:4)
  A hound (D:3)
  An orc wizard (D:6)
  A centaur skeleton (D:4)
  Jessica (D:4)
  Natasha (thrice) (D:4)
  2 worker ants
  A hound skeleton (D:6)
  Robin (D:4)
  4 gnolls
  3 adders
  2 oozes
  3 worms (D:2)
  6 dart slugs
  A giant gecko (D:1)
  3 orcs
  4 ball pythons
  7 giant cockroaches
  28 goblins
  4 hobgoblins
  8 jackals
  4 kobolds
  4 quokkas
  5 bats
  5 giant newts
  A jackal skeleton (D:4)
  5 rats
112 creatures vanquished.

Notes
Turn   | Place    | Note
--------------------------------------------------------------
     0 | D:1      | Horrz the Troll Monk began the quest for the Orb.
     0 | D:1      | Reached XP level 1. HP: 22/22 MP: 0/0
    83 | D:1      | Reached XP level 2. HP: 29/29 MP: 1/1
   388 | D:1      | Reached XP level 3. HP: 37/37 MP: 2/2
   978 | D:2      | Reached XP level 4. HP: 45/45 MP: 3/3
  1251 | D:3      | Reached skill level 5 in Unarmed Combat
  1400 | D:3      | Found a deep blue altar of Sif Muna.
  1570 | D:3      | Reached XP level 5. HP: 49/54 MP: 4/4
  1994 | D:4      | Reached skill level 1 in Shields
  2021 | D:4      | Noticed Mandevil's ghost (amateur FoAM)
  2042 | D:4      | Killed Mandevil's ghost
  2042 | D:4      | Reached skill level 6 in Unarmed Combat
  2042 | D:4      | Reached XP level 6. HP: 44/63 MP: 5/5
  2212 | D:4      | Noticed Natasha
  2218 | D:4      | Killed Natasha
  2279 | D:4      | Found a sparkling altar of Nemelex Xobeh.
  2279 | D:4      | Noticed Jessica
  2282 | D:4      | Killed Jessica
  2360 | D:4      | Noticed Robin
  2397 | D:4      | Killed Robin
  2459 | D:4      | Noticed Natasha
  2471 | D:4      | Killed Natasha
  2476 | D:4      | Reached XP level 7. HP: 71/71 MP: 6/6
  2486 | D:4      | Noticed Natasha
  2493 | D:4      | Killed Natasha
  2819 | D:5      | Entered Level 5 of the Dungeon
  2826 | D:5      | Reached skill level 5 in Fighting
  2928 | D:5      | Found a basalt altar of Yredelemnul.
  3041 | D:6      | Noticed Grinder
  3048 | D:6      | Paralysed by Grinder for 4 turns
  3049 | D:6      | HP: 2/72 [orc warrior/trident (17)]
  3050 | D:6      | Slain by Grinder

Vault maps used:
D:1:      dpeg_arrival_connections, hangedman_abyss_or_decor_lesser_grid
D:2:      minmay_misc_feat_secret_circle
D:3:      lemuel_crystal_altar, minmay_door_square, grunt_ministairs_15
D:4:      first_bread, serial_glass, glass_columns_c, glass_columns_a,
          nemelex_lonely_heart_becter, uniq_robin, uniq_natasha
D:5:      lemuel_doored_altar, kennysheep_dice
D:6:      uniq_grinder

Skill      XL: |  1  2  3  4  5  6  7 |
---------------+----------------------+-----
Fighting       | 3 4 5 |  5.3
Unarmed Combat | 5 6 |  6.9
Shields        | 1 2 |  2.3
Dodging        | |  2.4
Stealth        | |  1.1

Action                   |  1- 3 |  4- 6 |  7- 9 || total
-------------------------+-------+-------+-------++-------
Melee: Unarmed           |    94 |   164 |    56 ||   314
  Use: Scroll            |     3 |       |       ||     3
 Stab: Sleeping          |     2 |     1 |     1 ||     4
  Eat: Chunk             |    13 |    15 |     2 ||    30
